 Dungeon Crawl Stone Soup version 0.28.0-49-g6dfe1f597d (webtiles) character file.

Game seed: 10518260077879953740

568334 pkoi the Devastator (level 24, -17/195 HPs)
             Began as a Demigod Conjurer on May 13, 2022.
             Demolished by a rockslime (27 damage)
             ... created by the Royal Jelly
             ... on level 5 of the Pits of Slime on May 16, 2022.
             The game lasted 05:45:05 (169628 turns).

pkoi the Devastator (Demigod Conjurer)            Turns: 169628, Time: 05:45:06

Health: -17/195    AC: 24    Str: 15    XL:     24   Next: 35%
Magic:  2/48       EV: 21    Int: 62    God:
Gold:   2666       SH:  5    Dex: 16    Spells: 6/52 levels left

rFire   + + .      SeeInvis +   i - staff of earth
rCold   . . .      Faith    .   (no shield)
rNeg    + + .      Spirit   .   l - +5 ring mail "Oxtex Igo" {rF+ Will+ Regen+ Str+5}
rPois   .          Reflect  +   X - +3 crown of Dyrovepreva {rElec Int+2 SInv}
rElec   +          Harm     .   R - +1 cloak of Starlight {*Dazzle EV+4 Stlth--}
rCorr   +          Rampage  .   Q - +0 pair of gloves "Rokliaj" {rC+}
Will    +++..                   P - +3 pair of boots of Fafikip {Dex+4}
Stlth   ++........              F - amulet of reflection
HPRegen 1.22/turn               d - ring "Siwneal" {rElec rN++ Int+6 Slay-4}
MPRegen 0.31/turn               p - ring of Sin {Fire Fly rCorr Str+2 Int+4}

@: flying, hasted, studying 2 skills, unable to read, very quick
A: high MP 1, forlorn, divine attributes, dopey 1, inability to read while
threatened
}: 3/15 runes: serpentine, barnacled, silver
a: no special abilities


You were on level 5 of the Pits of Slime.
You visited 11 branches of the dungeon, and saw 52 of its levels.
You visited the Abyss 1 time.
You visited 1 bazaar.
You also visited: Trove, Sewer and Bailey.

You collected 6972 gold pieces.
You spent 4306 gold pieces at shops.

Inventory:

Hand Weapons
 b - the +6 arbalest "Damnation" {damnation}
   (You found it on level 10 of the Dungeon)

   Any ammunition fired from it explodes in a burst of damnation on striking a
   foe, dealing damage which bypasses armour.
 U - the +10 dagger of Blood {vorpal, rPois Str+3 Dex-3}
   (You took it off a deep elf pyromancer on level 13 of the Dungeon)

   It inflicts extra damage upon your enemies.
   Str:       It affects your strength (+3).
   Dex:       It affects your dexterity (-3).
   rPois:     It protects you from poison.
Missiles
 D - 23 curare-tipped darts
 E - 2 throwing nets
 H - 1658 bolts
Armour
 h - the +4 skin of Zhor {*Englaciate rC+++ SInv}
   (You found it on level 3 of the Lair of Beasts)

   It radiates cold, occasionally slowing all nearby creatures who are not
   resistant to cold.
   rC:        It renders you almost immune to cold.
   SInv:      It lets you see invisible.
 l - the +5 ring mail "Oxtex Igo" (worn) {rF+ Will+ Regen+ Str+5}
   (You found it on level 4 of the Shoals)

   Str:       It affects your strength (+5).
   rF:        It protects you from fire.
   Regen:     It increases your rate of health regeneration.
   Will:      It increases your willpower.
 q - the +0 cloak "Cettaw" {rElec rPois Will- Regen+}
   (You bought it in a shop on level 8 of the Dungeon)

   rElec:     It insulates you from electricity.
   rPois:     It protects you from poison.
   Regen:     It increases your rate of health regeneration.
   Will:      It decreases your willpower.
 P - the +3 pair of boots of Fafikip (worn) {Dex+4}
   (You acquired it on level 14 of the Dungeon)

   Dex:       It affects your dexterity (+4).
 Q - the +0 pair of gloves "Rokliaj" (worn) {rC+}
   (You found it on level 3 of the Shoals)

   rC:        It protects you from cold.
 R - the +1 cloak of Starlight (worn) {*Dazzle EV+4 Stlth--}
   (You found it on level 3 of the Crypt)

   It may blind those who miss an attack against the wearer in melee combat.
   EV:        It affects your evasion (+4).
   Stlth:     It makes you much less stealthy.
 X - the +3 crown of Dyrovepreva (worn) {rElec Int+2 SInv}
   (You bought it in a shop on level 2 of the Orcish Mines)

   Int:       It affects your intelligence (+2).
   rElec:     It insulates you from electricity.
   SInv:      It lets you see invisible.
Magical Staves
 a - a staff of conjuration
 i - a staff of earth (weapon)
Jewellery
 d - the ring "Siwneal" (left hand) {rElec rN++ Int+6 Slay-4}
   (You found it on level 3 of the Shoals)

   [ring of intelligence]

   Int:       It affects your intelligence (+6).
   Slay:      It affects your accuracy & damage with ranged weapons and melee
   (-4).
   rElec:     It insulates you from electricity.
   rN:        It greatly protects you from negative energy.
 g - the ring of Vaps {rN+ Will++ rCorr Dex-2}
   (You bought it in a shop on level 2 of the Depths)

   [ring of resist corrosion]

   Dex:       It affects your dexterity (-2).
   rN:        It protects you from negative energy.
   rCorr:     It protects you from acid and corrosion.
   Will:      It greatly increases your willpower.
 p - the ring of Sin (right hand) {Fire Fly rCorr Str+2 Int+4}
   (You acquired it on level 3 of the Lair of Beasts)

   [ring of fire]

   It enhances your fire magic.
   Str:       It affects your strength (+2).
   Int:       It affects your intelligence (+4).
   rF:        It protects you from fire.
   rC:        It makes you vulnerable to cold.
   Fly:       It grants you flight.
   rCorr:     It protects you from acid and corrosion.
 F - an amulet of reflection (around neck)
 N - the ring "Qoduck" {Wiz Dex+8}
   (You took it off a deep elf death mage on level 3 of the Elven Halls)

   [ring of wizardry]

   It improves your spell success rate.
   Dex:       It affects your dexterity (+8).
Wands
 s - a wand of polymorph (18)
 v - a wand of digging (38)
 z - a wand of charming (17)
 A - a wand of acid (46)
 B - a wand of iceblast (29)
 I - a wand of flame (110)
 L - a wand of mindburst (30)
 O - a wand of paralysis (43)
Scrolls
 c - 4 scrolls of enchant weapon
 e - 10 scrolls of fear
 f - 4 scrolls of blinking
 n - 15 scrolls of teleportation
 o - 4 scrolls of summoning
 t - 2 scrolls of amnesia
 w - 8 scrolls of fog
 x - a scroll of acquirement
 C - a scroll of holy word
 J - 2 scrolls of silence
 M - 4 scrolls of magic mapping
Potions
 j - 20 potions of curing
 k - 7 potions of cancellation
 m - a potion of haste
 r - 5 potions of might
 u - 17 potions of heal wounds
 G - 2 potions of flight
 K - 8 potions of resistance
 S - 2 potions of brilliance
 V - a potion of invisibility
Miscellaneous
 y - a phantom mirror


   Skills:
 - Level 12.0 Fighting
 - Level 3.0 Short Blades
 - Level 8.8 Crossbows
 - Level 12.0 Armour
 - Level 12.0 Dodging
 - Level 9.0 Stealth
 + Level 14.9 Spellcasting
 + Level 19.4 Conjurations
 - Level 9.0 Hexes
 - Level 6.0 Necromancy
 - Level 6.0 Translocations
 - Level 6.0 Transmutations
 + Level 16.4 Fire Magic
 - Level 12.0 Air Magic
 - Level 15.0 Earth Magic
 - Level 6.0 Poison Magic
 - Level 6.0 Evocations


You had 6 spell levels left.
You knew the following spells:

 Your Spells              Type           Power      Damage    Failure   Level
a - Magic Dart            Conj           100%       1d8       0%          1
b - Olgreb's Toxic Radia  Pois           88%        N/A       1%          4
c - Iskenderun's Mystic   Conj/Tloc      100%       2d19      1%          4
d - Fulminant Prism       Conj/Hex       61%        3d27      0%          4
e - Ignite Poison         Fire/Tmut/Pois 100%       N/A       1%          3
f - Leda's Liquefaction   Hex/Erth       69%        N/A       1%          4
g - Irradiate             Conj/Tmut      58%        3d33      1%          5
h - Lehudib's Crystal Sp  Conj/Erth      78%        10d17     2%          8
i - Borgnjor's Vile Clut  Necr/Erth      66%        N/A       1%          5
j - Ignition              Fire           77%        3d20      3%          8

Your spell library contained the following spells:

 Spells                   Type           Power      Damage    Failure   Level
 Foxfire                  Conj/Fire      100%       2x1d9     0%          1
 Slow                     Hex            100%       N/A       0%          1
 Passwall                 Tmut/Erth      100%       N/A       0%          2
 Poisonous Vapours        Pois/Air       100%       N/A       0%          2
 Scorch                   Fire           100%       2d10      0%          2
 Searing Ray              Conj           100%       2d8       0%          2
 Static Discharge         Conj/Air       100%       N/A       0%          2
 Conjure Flame            Conj/Fire      100%       6-21      0%          3
 Dazzling Flash           Conj/Hex       100%       N/A       0%          3
 Inner Flame              Hex/Fire       100%       N/A       0%          3
 Stone Arrow              Conj/Erth      100%       3d13      0%          3
 Swiftness                Air            100%       N/A       0%          3
 Flame Wave               Conj/Fire      100%       2d17      0%          4
 Sticky Flame             Conj/Fire      100%       2d11      0%          4
 Fireball                 Conj/Fire      79%        3d29      0%          5
 Animate Skeleton         Necr           100%       N/A       1%          1
 Beastly Appendage        Tmut           100%       N/A       1%          1
 Pain                     Necr           100%       1d9       1%          1
 Sting                    Tmut/Pois      100%       1d8       1%          1
 Summon Small Mammal      Summ           100%       N/A       1%          1
 Blink                    Tloc           100%       N/A       1%          2
 Call Imp                 Summ           46%        N/A       1%          2
 Ensorcelled Hibernation  Hex/Ice        100%       N/A       1%          2
 Sublimation of Blood     Necr           88%        N/A       1%          2
 Call Canine Familiar     Summ           46%        N/A       1%          3
 Confusing Touch          Hex            100%       N/A       1%          3
 Gell's Gravitas          Tloc           88%        N/A       1%          3
 Lesser Beckoning         Tloc           88%        N/A       1%          3
 Ozocubu's Armour         Ice            46%        N/A       1%          3
 Portal Projectile        Hex/Tloc       100%       N/A       1%          3
 Spider Form              Tmut/Pois      88%        N/A       1%          3
 Summon Guardian Golem    Hex/Summ       80%        N/A       1%          3
 Teleport Other           Tloc           88%        N/A       1%          3
 Tukima's Dance           Hex            100%       N/A       1%          3
 Vampiric Draining        Necr           88%        2d12      1%          3
 Airstrike                Air            57%        N/A       1%          4
 Anguish                  Hex/Necr       48%        N/A       1%          4
 Animate Armour           Summ/Erth      100%       N/A       1%          4
 Cause Fear               Hex            51%        N/A       1%          4
 Dispel Undead            Necr           88%        3d28      1%          4
 Passage of Golubria      Tloc           88%        N/A       1%          4
 Petrify                  Tmut/Erth      100%       N/A       1%          4
 Summon Lightning Spire   Summ/Air       88%        N/A       1%          4
 Agony                    Necr           88%        N/A       1%          5
 Alistair's Intoxication  Tmut/Pois      58%        N/A       1%          5
 Blade Hands              Tmut           44%        N/A       1%          5
 Excruciating Wounds      Necr           44%        N/A       1%          5
 Freezing Cloud           Conj/Ice/Air   54%        6-21      1%          5
 Lightning Bolt           Conj/Air       63%        1d87      1%          5
 Manifold Assault         Tloc           88%        N/A       1%          5
 Metabolic Englaciation   Hex/Ice        40%        N/A       1%          5
 Silence                  Hex/Air        54%        N/A       1%          5
 Summon Mana Viper        Hex/Summ       80%        N/A       1%          5
 Yara's Violent Unravell  Hex/Tmut       48%        3d19      1%          5
 Conjure Ball Lightning   Conj/Air       63%        3x3d23    1%          6
 Starburst                Conj/Fire      79%        6d20      1%          6
 Summon Forest            Summ/Tloc      35%        N/A       3%          5
 Summon Ice Beast         Ice/Summ       46%        N/A       4%          4
 Eringya's Noxious Bog    Tmut/Pois      44%        N/A       5%          6
 Simulacrum               Ice/Necr       35%        N/A       19%         6
 Spellforged Servitor     Conj/Summ      52%        N/A       6%          7
 Enfeeble                 Hex            51%        N/A       9%          7
 Fire Storm               Conj/Fire      79%        8d20      26%         9
 Dragon Form              Tmut           44%        N/A       28%         7
 Discord                  Hex            51%        N/A       54%         8
 Chain Lightning          Conj/Air       63%        3d84      54%         9
 Disjunction              Tloc           44%        N/A       92%         8
 Necromutation            Tmut/Necr      44%        N/A       92%         8
 Ozocubu's Refrigeration  Ice            23%        4d9       98%         7
 Summon Hydra             Summ           23%        N/A       98%         7
 Dragon's Call            Summ           23%        N/A       100%        9


Dungeon Overview and Level Annotations

Branches:
Dungeon (15/15)            Temple (1/1) D:6            Lair (6/6) D:10
 Shoals (4/4) Lair:4        Snake (4/4) Lair:2        Slime (5/5) Lair:6
    Orc (2/2) D:10            Elf (3/3) Orc:2        Vaults (5/5) D:14
  Crypt (3/3) Vaults:2       Tomb (0/3) Crypt:3      Depths (4/4) D:15
    Zot (0/5) Depths:4      Sewer (visited)          Bailey (visited)

Shops:
D:8 *   Orc:2 [([=   Shoals:1 *   Snake:1 *   Snake:3 *?   Depths:2 =[:=

Portals:
Hell: Depths:1 Depths:2 Depths:3 Depths:4
Abyss: Depths:3 Depths:4
Pandemonium: Depths:2 Depths:3
Ziggurat: Depths:3

Annotations:
Lair:4 exclusion: oklob plant
Depths:3 2 transporters


Innate Abilities, Weirdness & Mutations

You have an increased reservoir of magic. (+10% MP)
You shall have no god before yourself.
Your divine heritage dramatically boosts your attributes as you level up.
You are dopey. (Int -2)
You sometimes lose the ability to read scrolls when taking damage.


Message History

The fireball engulfs the rockslime.
The rockslime resists.
The rockslime is heavily wounded.
The fireball engulfs the rockslime!
The rockslime resists.
The rockslime is moderately wounded.
The fireball engulfs the rockslime.
The rockslime resists.
The rockslime is moderately wounded.
The fireball engulfs the rockslime.
The rockslime resists.
The rockslime is heavily wounded.
The fireball engulfs the rockslime!
The rockslime resists.
The rockslime is heavily wounded.
The rockslime hits you!
* * * LOW HITPOINT WARNING * * *
You are shoved backwards! 2 slime creatures come into view.
A slime creature comes into view.
The acid blob spits acid at you. The splash of acid hits you. You resist.
* * * LOW HITPOINT WARNING * * *
Unknown command.
Unknown command.
Unknown command.
The rockslime closely misses you.
The rockslime hits you but does no damage.
The acid blob spits acid at you. The splash of acid hits you! You resist.
* * * LOW HITPOINT WARNING * * *
The rockslime barely misses you. x2
The acid blob spits acid at you. The splash of acid hits you! You resist.
* * * LOW HITPOINT WARNING * * *
The rockslime hits you!!
* * * LOW HITPOINT WARNING * * *
You are shoved backwards!
Two slime creatures merge to form a large slime creature.
Unknown command.
The rockslime completely misses you. The rockslime hits you!
* * * LOW HITPOINT WARNING * * *
You are shoved backwards!
You cannot read scrolls in your current state!
You feel yourself speed up. The rockslime misses you. The rockslime hits you!!
You die...

###### ###....#### ####
####.........####..####
##.....................##
#####.......................##
#.#..........................##
#..............J..............##
#..........J...J@..............#
..............JJ...............#
...............................##
............................<....
.................................
........J........................
.................................
.................................
.................................


You could see an acid blob and 4 rockslimes.

Vanquished Creatures
  the Royal Jelly (Slime:5)
  Khufu (Crypt:2)
  2 ancient liches
  Mara (Snake:4)
  A royal mummy (Crypt:2)
  Saint Roka (Elf:3)
  Vashnia (Snake:3)
  7 golden dragons
  3 bone dragons (Depths:4)
  the Enchantress (Depths:1)
  2 shard shrike zombies (Crypt:3)
  3 liches
  7 titans
  2 deep elf blademasters (Elf:2)
  2 quicksilver dragons
  Asterion (Elf:3)
  2 deep elf master archers (Elf:3)
  2 krakens (Shoals:4)
  An Executioner (Abyss:3)
  21 acid blobs
  The ghost of Timpihef the Spry, an adept OpAK of Lugonu (Elf:3)
  An ancient champion (Crypt:2)
  6 tengu reavers
  11 sphinxes
  A shadow dragon (Vaults:5)
  5 rockslimes
  7 azure jellies
  2 storm dragons
  Kirke (Lair:4)
  6 nagarajas
  3 deep elf sorcerers
  2 revenants (Crypt:1)
  9 fire giants
  2 iron dragons
  An orc warlord (Elf:3)
  Louise (D:15)
  A draconian scorcher (Depths:4)
  8 frost giants
  The ghost of Brotato the Bludgeoner, an adept GrFi of Makhleb (D:15)
  The ghost of Jenx the Brawler, a journeyman TrCA of Ignis (Orc:2)
  A balrug (Depths:1)
  3 curse skulls
  A draconian shifter (Depths:4)
  5 spectral caustic shrikes (Depths:2)
  14 vault wardens
  Aizul (Snake:4)
  A draconian annihilator (Depths:4)
  5 reapers
  6 spriggan defenders
  A quicksilver ooze (shapeshifter) (Vaults:2)
  4 deep elf elementalists (Elf:3)
  The ghost of frustraionsimulator the Warrior, a journeyman DjWz of Gozag (Lair:5)
  6 ghouls
  18 ironbound preservers
  11 quicksilver oozes
  30 very ugly things
  4 ironbound thunderhulks
  The ghost of Zuacoy the Warrior, a journeyman OgBe of Trog (D:13)
  17 stone giants
  7 vampire knights
  2 caustic shrike skeletons
  8 war gargoyles
  2 black draconians (Depths:4)
  3 yellow draconians (Depths:4)
  2 spark wasps (Depths:1)
  2 minotaurs (Elf:3)
  An eleionoma (shapeshifter) (Vaults:5)
  7 deep elf demonologists (Elf:3)
  10 deep elf annihilators
  9 dire elephants
  The ghost of turdburglar the Slinger, a journeyman GnWn of Hepliaklqana (Elf:1)
  A purple draconian (Depths:4)
  A quicksilver dragon zombie (Crypt:3)
  10 eidola
  3 crystal guardians
  17 deep elf death magi
  5 merfolk javelineers (Shoals:4)
  11 great orbs of eyes
  A blizzard demon (Depths:2)
  6 jiangshi
  A mummy priest (Crypt:3)
  7 fire dragons
  5 merfolk impalers
  11 ettins
  14 yaktaur captains
  Josephine (Lair:6)
  2 salamander tyrants
  A rakshasa (Depths:1)
  3 deep elf high priests (Elf:3)
  17 hydras
  4 ice dragons
  7 peacekeepers
  A quicksilver dragon skeleton (Crypt:1)
  28 vault guards
  10 spriggan skeletons
  6 boulder beetles
  9 anacondas
  22 centaur warriors
  15 naga warriors
  4 spriggan air magi
  A hell beast (Depths:1)
  2 death knights (Crypt:1)
  3 merfolk avatars
  15 two-headed ogres
  2 ogre magi
  2 catoblepae
  6 ironbound frosthearts
  A tengu warrior (D:15)
  9 death yaks
  3 merfolk aquamancers
  5 deep troll earth magi
  13 naga sharpshooters
  7 deep troll shamans
  6 vampire magi
  11 orc high priests
  23 dancing weapons
  8 shock serpents
  A spriggan berserker (Depths:4)
  3 titan zombies (Crypt:3)
  8 soul eaters
  6 salamander mystics
  19 spriggans
  7 hell knights
  A titan skeleton (Crypt:3)
  17 deep elf knights
  A shadow wraith (Crypt:2)
  28 skeletal warriors
  2 storm dragon skeletons
  5 iron trolls
  14 sea snakes
  An iron giant zombie (Crypt:3)
  A sixfirhy (Abyss:2)
  46 deep trolls
  A shadow demon (Depths:3)
  2 flayed ghosts (Crypt:1)
  6 glowing orange brains
  2 starcursed masses (Abyss:2)
  An anaconda zombie (Crypt:3)
  2 bunyip skeletons
  18 ironbound convokers
  An anaconda skeleton (Crypt:2)
  2 bog bodies (Crypt:2)
  5 naga ritualists
  A sphinx zombie (Vaults:2)
  An obsidian statue (Vaults:1)
  18 wizards
  A spriggan simulacrum (Depths:1)
  A tengu zombie (Vaults:1)
  A stone giant zombie (Crypt:2)
  24 phantasmal warriors
  30 deep elf pyromancers
  2 shadow dragon zombies
  6 lindwurms
  21 deep elf zephyrmancers
  5 orc knights
  21 necromancers
  A tengu skeleton (Vaults:2)
  22 harpies
  12 deep elf archers
  2 wolf spiders (Crypt:3)
  3 fire giant zombies
  A jorogumo skeleton (Crypt:2)
  59 ugly things
  A shadow dragon skeleton (Depths:1)
  4 shining eyes
  3 mana vipers (Snake:4)
  24 manticores
  18 salamanders
  4 orc sorcerers
  5 cyclopes
  2 worldbinders (Abyss:2)
  2 stone giant skeletons
  A human zombie (Vaults:2)
  A naga zombie (Crypt:3)
  7 merfolk sirens
  29 black mambas
  A dire elephant zombie (Crypt:3)
  2 alligator snapping turtle zombies (Crypt:3)
  9 water nymphs
  2 orc zombies (Crypt:3)
  22 elephants
  9 naga magi
  6 guardian serpents
  2 ice statues (D:15)
  4 eyes of devastation
  2 gargoyles
  3 fire giant skeletons
  13 vault sentinels
  2 smoke demons
  2 dire elephant skeletons
  14 cane toads
  A grey draconian zombie (Crypt:2)
  2 rime drakes
  An unseen horror (shapeshifter) (Vaults:4)
  A torpor snail (Lair:5)
  10 komodo dragons
  2 efreet
  3 tengu conjurers
  A tormentor (Abyss:3)
  4 freezing wraiths
  5 kobold demonologists (D:13)
  A steelbarb worm zombie (Crypt:1)
  A pale draconian zombie (Crypt:1)
  42 yaktaurs
  4 human skeletons
  13 hellwings (Crypt:3)
  A harpy zombie (Crypt:3)
  An ice devil (Depths:3)
  A guardian mummy (Crypt:3)
  8 trolls
  2 red devils
  32 merfolk
  2 elf skeletons
  3 meliai (D:15)
  A tarantella (shapeshifter) (Vaults:1)
  9 harpy skeletons
  12 polar bears
  158 slime creatures
  5 wind drakes
  10 hornets
  15 dream sheep
  A fire dragon zombie (Crypt:2)
  An iron dragon simulacrum (Depths:1)
  A fire giant simulacrum (Depths:1)
  3 large abominations (Abyss:2)
  25 blink frogs
  An ettin zombie (Crypt:3)
  3 meliai zombies
  2 human simulacra
  14 snapping turtles
  An elf zombie (Vaults:2)
  4 jumping spiders
  15 wraiths
  13 flying skulls
  A vampire (D:12)
  2 ynoxinuls
  2 air elementals
  3 shadows
  An elf simulacrum (Vaults:4)
  A tyrant leech zombie (Crypt:2)
  An ushabti (Crypt:3)
  12 water elementals
  52 yaks
  A wyvern (shapeshifter) (Vaults:5)
  5 hogs
  Grum (D:9)
  6 golden eyes
  10 fire elementals
  5 redbacks
  3 basilisks
  2 chaos spawn
  5 vampire mosquitoes
  A steam dragon (D:5)
  8 wargs
  A deep troll zombie (Crypt:2)
  2 hell hounds (Depths:3)
  43 nagas
  3 naga skeletons (Crypt:1)
  3 acid dragons
  A floating eye (shapeshifter) (Vaults:5)
  A two-headed ogre skeleton (Crypt:1)
  A floating eye (Slime:2)
  20 orc warriors
  14 water moccasins
  4 black bears
  3 ice beasts
  A sky beast (D:8)
  4 necrophages
  4 boggarts (Lair:6)
  10 ogres
  29 wolves
  An elephant skeleton (Crypt:2)
  8 centaurs
  4 kobold brigands
  A yaktaur zombie (Crypt:1)
  11 bullfrogs
  8 earth elementals
  3 gnoll sergeants
  A wyvern zombie (Crypt:1)
  A scorpion (shapeshifter) (D:13)
  8 wyvern skeletons
  3 scorpions (D:6)
  A glowing shapeshifter simulacrum (Vaults:2)
  10 killer bees (D:9)
  5 wights (D:7)
  22 electric eels
  6 howler monkeys
  4 lava snakes (Lair:2)
  3 small abominations
  9 centaur zombies
  12 hounds
  A bullfrog zombie (D:5)
  4 jellies
  30 orc priests
  3 centaur skeletons
  A bullfrog skeleton (D:5)
  6 iguanas
  Natasha (twice) (D:3)
  20 orc wizards
  2 killer bee zombies
  A demigod skeleton (Crypt:2)
  A dwarf skeleton (Crypt:1)
  A hound skeleton (D:5)
  4 mummies
  A howler monkey zombie (D:5)
  14 gnolls
  2 howler monkey skeletons
  9 adders
  5 river rats
  2 steam dragon skeletons
  2 white imps
  3 ufetubi
  3 worms
  103 orcs
  7 ball pythons
  4 bats
  5 endoplasms
  17 giant cockroaches
  5 goblins
  7 hobgoblins
  7 jackals (D:2)
  6 quokkas
  7 frilled lizards
  A frilled lizard skeleton (Crypt:1)
  13 kobolds
  18 rats
  A rat zombie (Crypt:1)
  A spectral hobgoblin (D:1)
  A fulminant prism (Elf:1)
  5 tentacles (Shoals:4)
2429 creatures vanquished.

Vanquished Creatures (others)
  A naga mage (Snake:2)
  A kobold demonologist (D:13)
  A human (Lair:5)
  A golden eye (Abyss:2)
  2 bushes
  1058 fulminant prisms
  58 fungi
  239 plants
  4 starspawn tentacles (Abyss:3)
  9 tentacles (Shoals:4)
  39 withered plants (Crypt:3)
1413 creatures vanquished.

Grand Total: 3842 creatures vanquished

Notes
Turn   | Place    | Note
-------+----------+-------------------------------------------
     0 | D:1      | pkoi the Demigod Conjurer began the quest for the Orb.
     0 | D:1      | Reached XP level 1. HP: 14/14 MP: 5/5
   222 | D:1      | Reached skill level 4 in Conjurations
   429 | D:1      | Reached XP level 2. HP: 20/20 MP: 5/7
  1502 | D:1      | Learned a level 2 spell: Searing Ray
  2085 | D:2      | Reached XP level 3. HP: 26/26 MP: 5/8
  2376 | D:2      | Reached skill level 5 in Conjurations
  2691 | D:2      | Got the Compendium of Dislocated Black Rituals
  2955 | D:2      | Reached XP level 4. HP: 33/33 MP: 6/9
  4531 | D:3      | Reached skill level 6 in Conjurations
  4531 | D:3      | Reached XP level 5. HP: 31/38 MP: 3/10
  4733 | D:3      | Noticed Natasha
  4741 | D:3      | Killed Natasha
  5083 | D:4      | Identified a scroll of acquirement
  5083 | D:4      | Acquired a staff of conjuration
  5091 | D:4      | Learned a level 4 spell: Iskenderun's Mystic Blast
  5428 | D:4      | Reached skill level 1 in Fighting
  5565 | D:4      | Reached skill level 1 in Armour
  5565 | D:4      | Reached XP level 6. HP: 47/47 MP: 6/12
  6407 | D:4      | Reached skill level 1 in Translocations
  6741 | D:4      | Reached XP level 7. HP: 45/53 MP: 6/13
  6876 | D:5      | Entered Level 5 of the Dungeon
  7163 | D:5      | Found a glowing drain.
  7179 | Sewer    | Entered a sewer
  7457 | Sewer    | Learned a level 4 spell: Fulminant Prism
  8611 | D:5      | Reached skill level 7 in Conjurations
  9176 | D:5      | Reached skill level 1 in Hexes
  9490 | D:6      | Noticed a steam dragon
  9498 | D:5      | Killed a steam dragon
  9499 | D:5      | Reached XP level 8. HP: 22/62 MP: 7/15
 11743 | D:6      | Found a staircase to the Ecumenical Temple.
 11806 | Temple   | Entered the Ecumenical Temple
 12270 | D:7      | Reached skill level 8 in Conjurations
 12533 | D:7      | Found a flagged portal.
 12542 | Bailey   | Entered a bailey
 12555 | Bailey   | Reached XP level 9. HP: 58/69 MP: 8/17
 14345 | D:8      | Reached skill level 9 in Conjurations
 15001 | D:8      | Found Gozag's Platinum Reserve.
 15109 | D:8      | Learned a level 5 spell: Lightning Bolt
 15146 | D:9      | Noticed Grum
 15152 | D:9      | Killed Grum
 15154 | D:9      | Reached skill level 1 in Air Magic
 16328 | D:9      | Noticed a two-headed ogre
 16518 | D:9      | Reached XP level 10. HP: 77/77 MP: 8/20
 17185 | D:9      | Noticed a centaur warrior
 17705 | D:9      | Reached skill level 5 in Translocations
 18288 | D:9      | Reached skill level 5 in Spellcasting
 18291 | D:9      | Reached skill level 10 in Conjurations
 19176 | D:9      | Killed a two-headed ogre
 19177 | D:9      | Reached skill level 5 in Hexes
 20533 | D:9      | Killed a centaur warrior
 21184 | D:10     | Entered Level 10 of the Dungeon
 23180 | D:10     | Reached XP level 11. HP: 82/82 MP: 1/23
 24054 | D:10     | Found a staircase to the Lair.
 24074 | D:10     | Found a staircase to the Orcish Mines.
 24251 | D:10     | Found the +6 arbalest "Damnation" {damnation}
 24272 | D:10     | Reached skill level 11 in Conjurations
 24855 | D:3      | Noticed Natasha
 24858 | D:3      | Killed Natasha
 25095 | Lair:1   | Entered Level 1 of the Lair of Beasts
 25472 | Lair:1   | Learned a level 4 spell: Leda's Liquefaction
 25506 | Lair:1   | Noticed a death yak
 25507 | Lair:1   | Noticed a death yak
 25507 | Lair:1   | Noticed a death yak
 25507 | Lair:1   | Noticed a death yak
 25509 | Lair:1   | Noticed a death yak
 25509 | Lair:1   | Noticed a lindwurm
 25509 | Lair:1   | Noticed a death yak
 25515 | Lair:1   | Killed a death yak
 25515 | Lair:1   | Killed a death yak
 25516 | Lair:1   | Reached skill level 1 in Earth Magic
 25524 | Lair:1   | Killed a death yak
 25524 | Lair:1   | Killed a death yak
 25524 | Lair:1   | Killed a death yak
 25524 | Lair:1   | Killed a lindwurm
 25525 | Lair:1   | Reached skill level 5 in Air Magic
 25547 | Lair:1   | Killed a death yak
 25852 | Lair:1   | Reached skill level 12 in Conjurations
 26421 | Lair:2   | Noticed a death yak
 26421 | Lair:2   | Noticed a death yak
 26421 | Lair:2   | Noticed a death yak
 26470 | Lair:2   | Noticed an eight-headed hydra
 26476 | Lair:2   | Killed an eight-headed hydra
 26728 | Lair:2   | Noticed a six-headed hydra
 26731 | Lair:2   | Killed a six-headed hydra
 27026 | Lair:2   | Reached XP level 12. HP: 83/89 MP: 10/26
 27279 | Lair:2   | Noticed a five-headed hydra
 27286 | Lair:2   | Killed a five-headed hydra
 29070 | Lair:2   | Acquired a book of Alchemy
 29078 | Lair:2   | Learned a level 5 spell: Irradiate
 29204 | Lair:2   | Found a staircase to the Snake Pit.
 29711 | Lair:3   | Identified the +2 ring mail "Malumeam" {Str+5 Dex+2}
 29711 | Lair:3   | Noticed an eight-headed hydra
 29716 | Lair:3   | Killed an eight-headed hydra
 29721 | Lair:3   | Acquired the Grimoire of Fiery Air
 29978 | Lair:3   | Reached skill level 1 in Transmutations
 30993 | Lair:3   | Found the +4 skin of Zhor {*Englaciate rC+++ SInv}
 31201 | Lair:3   | Acquired the ring of Sin {Fire Fly rCorr Str+2 Int+4}
 31637 | Lair:4   | Reached skill level 13 in Conjurations
 32472 | Lair:4   | Noticed an eight-headed hydra
 32478 | Lair:4   | Killed an eight-headed hydra
 32479 | Lair:4   | Reached skill level 5 in Earth Magic
 32684 | Lair:4   | Reached XP level 13. HP: 92/94 MP: 4/29
 33271 | Lair:4   | Found a staircase to the Shoals.
 34199 | Lair:5   | Noticed Kirke
 34337 | Lair:4   | Killed Kirke
 34999 | Lair:5   | Reached skill level 1 in Crossbows
 35868 | Lair:5   | Found a runed translucent door.
 35873 | Lair:5   | Noticed frustraionsimulator's ghost (journeyman DjWz)
 36263 | Lair:6   | Entered Level 6 of the Lair of Beasts
 36984 | Lair:6   | Found a staircase to the Slime Pits.
 37466 | Lair:6   | Reached skill level 5 in Transmutations
 38256 | Lair:6   | Noticed Josephine
 38262 | Lair:6   | Killed Josephine
 39224 | Lair:6   | Reached XP level 14. HP: 99/105 MP: 8/30
 39755 | Lair:5   | Killed frustraionsimulator's ghost
 40320 | Lair:6   | Reached skill level 5 in Armour
 40497 | Lair:6   | Reached skill level 5 in Fighting
 44484 | D:11     | Learned a level 4 spell: Olgreb's Toxic Radiance
 44521 | Orc:1    | Entered Level 1 of the Orcish Mines
 44681 | Orc:1    | You are sucked into a shaft and drop 1 floor!
 44681 | Orc:2    | Entered Level 2 of the Orcish Mines
 44694 | Orc:2    | Found a runed translucent gate.
 44694 | Orc:2    | Noticed Jenx's ghost (journeyman TrCA)
 44695 | Orc:2    | Found a runed translucent gate.
 44696 | Orc:2    | Found a runed translucent gate.
 45136 | Orc:2    | Reached skill level 5 in Dodging
 45149 | Orc:2    | Reached skill level 1 in Poison Magic
 45735 | Orc:1    | Learned a level 3 spell: Ignite Poison
 45971 | Orc:2    | Found a staircase to the Elven Halls.
 45978 | Orc:2    | Reached skill level 5 in Crossbows
 46327 | Orc:2    | Found Epuy's Antique Weapon Shoppe.
 46327 | Orc:2    | Found Kemalask's Antique Armour Shop.
 46437 | Orc:2    | Bought a wizard robe for 210 gold pieces
 46437 | Orc:2    | Identified the +1 robe "Fuqeekag" {rElec Will- Regen+
                  | Archmagi} (You bought it in a shop on level 2 of the Orcish
                  | Mines)
 46536 | Orc:2    | Found Cackah's Jewellery Shoppe.
 46536 | Orc:2    | Found Dinour's Armour Shop.
 46979 | Orc:2    | Killed Jenx's ghost
 46980 | Orc:2    | Reached skill level 1 in Fire Magic
 47283 | Elf:1    | Entered Level 1 of the Elven Halls
 48715 | D:8      | Bought the +0 cloak "Cettaw" {rElec rPois Will- Regen+} for
                  | 1850 gold pieces
 48875 | Shoals:1 | Entered Level 1 of the Shoals
 49446 | Shoals:1 | Reached XP level 15. HP: 108/115 MP: 19/32
 50959 | Shoals:1 | Found Eliaquib's CLEARANCE SALE!.
 50966 | Shoals:1 | Bought a potion of heal wounds for 35 gold pieces
 53575 | Shoals:3 | Identified the ring "Siwneal" {rElec rN++ Int+6 Slay-4}
 53949 | Shoals:3 | Reached skill level 5 in Poison Magic
 55060 | Shoals:3 | Identified the +0 pair of gloves "Rokliaj" {rC+}
 55655 | Snake:1  | Entered Level 1 of the Snake Pit
 55734 | Snake:1  | Found a transporter.
 55735 | Snake:1  | Found a transporter.
 55755 | Snake:1  | Found a flickering gateway to a bazaar.
 55857 | Bazaar   | Entered a bazaar
 55857 | Bazaar   | Found Fetsir's Antique Armour Emporium.
 55857 | Bazaar   | Found Giehu Cane's Distillery.
 55857 | Bazaar   | Found Lialuyg's Armour Shoppe.
 55857 | Bazaar   | Found Vilash's Jewellery Emporium.
 55857 | Bazaar   | Found Gaonozec's Jewellery Emporium.
 55940 | Bazaar   | Bought a potion of degeneration for 7 gold pieces
 55969 | Bazaar   | Bought a pair of embroidered gloves for 150 gold pieces
 56123 | Bazaar   | Bought a potion of heal wounds for 35 gold pieces
 56428 | Snake:1  | Found a transporter.
 56433 | Snake:1  | Found a transporter.
 56469 | Snake:1  | Found Lolahyn's Assorted Antiques.
 56666 | Snake:1  | Found a transporter.
 56669 | Snake:1  | Found a transporter.
 57940 | Snake:2  | Reached XP level 16. HP: 126/126 MP: 27/33
 57949 | Snake:2  | Learned a level 8 spell: Lehudib's Crystal Spear
 59055 | Snake:2  | Reached skill level 14 in Conjurations
 59928 | Snake:3  | Found Dorph's Assorted Antiques.
 59952 | Snake:3  | Noticed Vashnia
 60341 | Snake:3  | Found Hemaub's Magic Scroll Boutique.
 60348 | Snake:3  | Reached skill level 5 in Fire Magic
 61019 | Snake:3  | Killed Vashnia
 61422 | Snake:3  | Reached skill level 10 in Earth Magic
 62424 | Snake:4  | Entered Level 4 of the Snake Pit
 62802 | Snake:4  | Noticed Mara
 64094 | Snake:4  | Noticed pkoi's illusion
 64618 | Snake:4  | Noticed Aizul
 64625 | Snake:4  | Killed Aizul
 65662 | Snake:4  | Noticed pkoi's illusion
 65664 | Snake:4  | Killed Mara
 65665 | Snake:4  | Reached skill level 15 in Conjurations
 67320 | Snake:4  | Reached XP level 17. HP: 107/132 MP: 16/35
 67939 | Snake:4  | Got a serpentine rune of Zot
 68940 | Shoals:4 | Entered Level 4 of the Shoals
 71424 | Shoals:4 | Identified the +5 ring mail "Oxtex Igo" {rF+ Will+ Regen+
                  | Str+5}
 72141 | Shoals:4 | Got the Handbook of the Blistering Birds
 72737 | Shoals:4 | Got a barnacled rune of Zot
 73460 | D:12     | Reached skill level 10 in Spellcasting
 75544 | Elf:1    | Found a runed translucent door.
 75544 | Elf:1    | Noticed turdburglar's ghost (journeyman GnWn)
 75558 | Elf:1    | Killed turdburglar's ghost
 76508 | Elf:1    | Reached skill level 16 in Conjurations
 77156 | Elf:1    | Reached skill level 1 in Evocations
 78461 | Elf:2    | Paralysed by an air elemental for 1 turns
 78979 | Elf:2    | Found a huge runed translucent gate.
 78979 | Elf:2    | Found a huge runed translucent gate.
 78979 | Elf:2    | Found a huge runed translucent gate.
 78979 | Elf:2    | Found a huge runed translucent gate.
 78979 | Elf:2    | Found a huge runed translucent gate.
 79101 | Elf:3    | Entered Level 3 of the Elven Halls
 79802 | Elf:3    | Noticed Saint Roka
 80624 | Elf:3    | Noticed a Hell Sentinel
 80628 | Elf:3    | HP: 2/132 [Hell Sentinel[a deep elf demonologist] (19)]
 80993 | Elf:3    | Noticed a Hell Sentinel
 81301 | Elf:2    | Reached XP level 18. HP: 31/139 MP: 2/37
 82553 | Elf:3    | Noticed Asterion
 82888 | Elf:3    | Found a portal to a secret trove of treasure.
 82938 | Elf:3    | Killed Asterion
 84136 | Elf:3    | Killed Saint Roka
 84137 | Elf:3    | Reached skill level 17 in Conjurations
 85038 | Elf:3    | Got the Reference Book on the Earthen Escort
 85055 | Elf:3    | Identified the +3 ring mail of Anaesthesia {rF++ rN+}
 85059 | Elf:3    | Got Sif Muna's Collected Works on Entrancing Ice
 85074 | Elf:3    | Identified the +1 robe of Plasticity {+Blink rC- rN+++
                  | Str-4}
 85287 | Elf:3    | Paralysed by an air elemental for 1 turns
 85301 | Elf:3    | Paralysed by an air elemental for 1 turns
 85305 | Elf:3    | Paralysed by an air elemental for 1 turns
 85311 | Elf:3    | Paralysed by an air elemental for 1 turns
 85835 | Elf:3    | Found a runed translucent gate.
 85835 | Elf:3    | Found a runed translucent gate.
 85835 | Elf:3    | Found a runed translucent gate.
 85835 | Elf:3    | Identified the +5 ring mail of Music {rN+ Str+3}
 85836 | Elf:3    | Noticed Timpihef's ghost (adept OpAK)
 86744 | Elf:3    | Identified the ring "Qoduck" {Wiz Dex+8}
 86855 | Elf:3    | Reached skill level 5 in Evocations
 87146 | Elf:3    | Killed Timpihef's ghost
 87360 | Elf:3    | Identified the +0 pair of gloves "Qaditeoc" {Harm Str+5}
 88497 | D:13     | Found a runed translucent door.
 88497 | D:13     | Noticed Zuacoy's ghost (journeyman OgBe)
 89367 | D:13     | Got the Reference Book on Burning Transmutation
 89750 | D:13     | Identified the +10 dagger of Blood {vorpal, rPois Str+3
                  | Dex-3}
 89861 | D:13     | Got the Volume of Shape Shifting and Conjuration
 89877 | D:13     | Got the Guide on Air and Creation
 89908 | D:13     | Got Gom Qem's Handbook of Confrontation and Heat
 90012 | D:13     | Killed Zuacoy's ghost
 91667 | D:14     | Acquired the +3 pair of boots of Fafikip {Dex+4}
 91945 | D:14     | Found a gate to the Vaults.
 92109 | D:15     | Entered Level 15 of the Dungeon
 92387 | D:15     | Found a frozen archway.
 92616 | D:15     | Reached skill level 1 in Short Blades
 92847 | D:15     | Found a runed translucent gate.
 92847 | D:15     | Found a runed translucent gate.
 92847 | D:15     | Found a runed translucent gate.
 92847 | D:15     | Noticed Brotato's ghost (adept GrFi)
 92847 | D:15     | Noticed Louise
 92859 | D:15     | Cast into level 2 of the Abyss (Louise)
 93717 | D:15     | Escaped the Abyss
 95311 | D:15     | Killed Louise
 95424 | D:15     | Found a staircase to the Depths.
 95553 | Vaults:1 | Entered Level 1 of the Vaults
 95570 | Vaults:1 | Reached XP level 19. HP: 141/145 MP: 8/38
 98019 | Vaults:1 | Identified the +1 robe "Kuarisuc" {rF+ Str+2 Stlth+}
 98653 | Vaults:1 | Learned a level 5 spell: Borgnjor's Vile Clutch
100558 | Vaults:2 | Reached skill level 18 in Conjurations
100725 | Vaults:2 | Reached skill level 1 in Necromancy
101371 | Orc:2    | Bought the +3 crown of Dyrovepreva {rElec Int+2 SInv} for
                  | 745 gold pieces
101371 | Orc:2    | Found the +3 crown of Dyrovepreva {rElec Int+2 SInv}
102694 | Vaults:2 | Reached skill level 15 in Earth Magic
103327 | Vaults:2 | Found a staircase to the Crypt.
103981 | Vaults:2 | Reached skill level 5 in Stealth
104506 | Vaults:2 | Paralysed by a sphinx for 2 turns
104957 | Vaults:2 | Identified the ring of Eciehual {rF+ Dex+3}
105358 | Vaults:2 | Reached skill level 10 in Air Magic
106816 | Vaults:3 | Reached XP level 20. HP: 87/157 MP: 28/40
110891 | Vaults:4 | Reached skill level 5 in Necromancy
111062 | Vaults:4 | Paralysed by a sphinx for 5 turns
111076 | Vaults:4 | Paralysed by a sphinx for 3 turns
115672 | Slime:1  | Entered Level 1 of the Pits of Slime
116888 | Depths:1 | Entered Level 1 of the Depths
119556 | Depths:1 | Reached XP level 21. HP: 165/165 MP: 17/42
119733 | Depths:1 | Found a gateway to Hell.
120839 | Depths:1 | You fall into a shaft and drop 1 floor!
120858 | Depths:2 | Found Jutonyeh's Jewellery Emporium.
120861 | Depths:2 | Noticed the Enchantress
120883 | Depths:2 | Found a one-way gate leading to the halls of Pandemonium.
123082 | Depths:1 | Killed the Enchantress
124245 | Depths:2 | Reached skill level 19 in Conjurations
124735 | Depths:2 | Found Ymai's Jewellery Emporium.
124735 | Depths:2 | Found Konn's Book Boutique.
124743 | Depths:2 | Bought the ring of Vaps {rN+ Will++ rCorr Dex-2} for 778
                  | gold pieces
126136 | Elf:3    | You paid a toll of +3 ice dragon scales to enter a treasure
                  | trove
126137 | Trove    | Entered a treasure trove
127153 | Depths:2 | Found Poedoim's Antique Armour Emporium.
127161 | Depths:2 | Bought a smoking leather armour for 217 gold pieces
127161 | Depths:2 | Identified the +2 leather armour of Least Resistance {rElec
                  | Slay+3} (You bought it in a shop on level 2 of the Depths)
127161 | Depths:2 | Bought a smoking ring mail for 279 gold pieces
127161 | Depths:2 | Identified the +0 ring mail of a treasure trove {Fly rPois
                  | rF- Dex+7} (You bought it in a shop on level 2 of the
                  | Depths)
129025 | Vaults:5 | Entered Level 5 of the Vaults
129938 | Vaults:5 | Reached skill level 10 in Dodging
129957 | Vaults:5 | Reached skill level 10 in Fighting
129977 | Vaults:5 | Reached skill level 10 in Armour
130699 | Vaults:5 | Noticed a golden dragon
130717 | Vaults:5 | Killed a golden dragon
130911 | Vaults:5 | Noticed a golden dragon
131351 | Vaults:5 | Killed a golden dragon
131352 | Vaults:5 | Reached XP level 22. HP: 176/176 MP: 23/44
131624 | Vaults:5 | Identified the +4 scythe of the Wolf {pain, MP+9 Dex+2}
132385 | Vaults:5 | Noticed an ancient lich
132392 | Vaults:5 | Killed an ancient lich
132684 | Vaults:5 | Identified the +2 chain mail "Zehonor" {Harm Rampage Will-
                  | Int+4}
132791 | Vaults:5 | Got a silver rune of Zot
133196 | Vaults:5 | Identified the +11 fustibalus of Innocence {flame, Str+4}
135151 | Vaults:5 | Identified the ring of the Vendetta {rN++ Will+ Str-5}
136202 | Depths:3 | Found a transporter.
136206 | Depths:3 | Found a transporter.
137992 | Depths:3 | Found a one-way gate to the infinite horrors of the Abyss.
138280 | Depths:3 | Found a one-way gateway to a ziggurat.
138823 | Depths:4 | Entered Level 4 of the Depths
139344 | Depths:4 | Reached skill level 10 in Fire Magic
139885 | Depths:4 | Learned a level 8 spell: Ignition
141080 | Depths:4 | Found a gate to the Realm of Zot.
142204 | Crypt:1  | Entered Level 1 of the Crypt
144347 | Elf:2    | Reached XP level 23. HP: 187/188 MP: 37/45
149509 | Crypt:2  | Noticed Khufu
149511 | Crypt:2  | Noticed a royal mummy
149517 | Crypt:2  | Killed Khufu
149752 | Crypt:2  | Killed a royal mummy
154214 | Crypt:3  | Entered Level 3 of the Crypt
156175 | Crypt:3  | Found the +1 cloak of Starlight {*Dazzle EV+4 Stlth--}
159150 | Crypt:3  | Noticed an ancient lich
159150 | Crypt:3  | Found the +4 dagger "Morg" {pain, Will+ Int+5}
159154 | Crypt:3  | Killed an ancient lich
159404 | Crypt:3  | Got the Collected Works on Enchanting Heat
160874 | Crypt:3  | Found a staircase to the Tomb.
161393 | Crypt:3  | Identified the +1 robe "Caimad" {Rampage rPois rF- rCorr}
161395 | Crypt:3  | Identified the +7 mace of the Ancients {vamp, rElec Dex+6}
162439 | D:15     | Reached skill level 15 in Fire Magic
162444 | D:15     | Killed Brotato's ghost
163277 | Slime:2  | Paralysed by a floating eye for 2 turns
163503 | Slime:2  | Gained mutation: You are dopey. (Int -2) [a shining eye]
163631 | Slime:2  | Reached XP level 24. HP: 195/195 MP: 31/47
168488 | Slime:5  | Entered Level 5 of the Pits of Slime
169255 | Slime:5  | Gained mutation: You sometimes lose the ability to read
                  | scrolls when taking damage. [a shining eye]
169577 | Slime:5  | Noticed the Royal Jelly
169582 | Slime:5  | Killed the Royal Jelly
169627 | Slime:5  | HP: 9/195 [rockslime[the Royal Jelly] (15)]
169628 | Slime:5  | Demolished by a rockslime

Illustrated notes

Levels and vault maps discovered:
D:1:      psy_arrival_fountain, layout_loops_cross,
          dreamdust_ecumenical_altar_drowned_temple
D:2:      minmay_roachtagon, layout_basic, interstate_on_off
D:3:      layout_basic, nicolae_ru_path_of_blood,
          nicolae_uskayaw_murder_on_the_dancefloor, uniq_natasha
D:4:      layout_loops_ring, good_gods_mini_temple,
          nicolae_qazlal_scattered_showers, gup_ossuary_entry_pyramid
D:5:      kennysheep_big_flooded_room, layout_basic, portal_sewer_entry_e
D:6:      layout_basic, minmay_temple_entry_enclosed_plants
D:7:      layout_rooms, grunt_temple_overflow_open, serial_aquarium,
          aquarium_bridge_straight [aquarium_subvault_bridge,
          aquarium_subvault_wall, aquarium_subvault_bridge,
          aquarium_subvault_wall], aquarium_bridge_long_separate
          [aquarium_subvault_bridge, aquarium_subvault_bridge,
          aquarium_subvault_wall, aquarium_subvault_window,
          aquarium_subvault_bridge, aquarium_subvault_bridge],
          aquarium_window_fake, aquarium_window_1, aquarium_window_corner,
          aquarium_window_fake, aquarium_view_2b, enter_bailey_2, st_stairs_1
D:8:      layout_rooms, nicolae_gozag_zags_fifth_avenue, minitemple
D:9:      minmay_ornate_pinched, layout_loops_ring, serial_bayou,
          serial_bayou_lagoon_a, serial_bayou_pond_d, serial_bayou_shore_a,
          serial_bayou_pond_d, serial_bayou_lake_a, serial_bayou_shore_b,
          kennysheep_island_fort, uniq_grum
D:10:     layout_basic, erik_lair_island, kennysheep_orc_monster_closet_entryway
D:11:     layout_rooms, st_stairs_5, kennysheep_generic_room_6
D:12:     layout_roguey, slow_altar_1
D:13:     evilmike_library_of_no_secrets, layout_irregular_city,
          ebering_ghost_inner_flame
D:14:     layout_irregular_city, david_vaults_5, minmay_crystal_water,
          nicolae_wwwww
D:15:     hangedman_depths_entry_try_elsewhere_first, layout_irregular_city,
          gammafunk_ghost_ooze, minmay_misc_feat_cross, serial_ice,
          serial_ice_k, serial_ice_e, serial_ice_f, serial_ice_o, serial_ice_d,
          serial_ice_g, serial_ice_a, portal_ice_cave_entry_ice_statue_two,
          jiyva_altar_1, uniq_louise
Temple:   chequers_temple_sunken
Lair:1:   layout_chaotic_city, grunt_megastairs_2, infiniplex_staircase_pool_2
Lair:2:   layout_regular_city, minmay_snake_entry_guardpost_small,
          nicolae_lair_liquid_snakes
Lair:3:   layout_layer_cave
Lair:4:   layout_long_grid, minmay_shoals_entry_lonely_mermaid, tgw_fedhas,
          grunt_megastairs_4
Lair:5:   layout_hall_layers, hellmonk_ghost_happy_afterlife, basic_altar,
          uniq_kirke
Lair:6:   minmay_lair_end_enchanted_forest, layout_small_grid, slime_altar_1,
          st_stairs_3, lemuel_fruit_tree, uniq_josephine
Shoals:1: layout_shoals, nicolae_shop_clearance
Shoals:2: layout_shoals
Shoals:3: layout_shoals, lemuel_centaur_altar
Shoals:4: shoals_end_hangedman, layout_shoals
Snake:1:  layout_onion, serial_shops, bzr_entry_dummy, nicolae_take_the_stairs,
          serial_nicolae_subway, nicolae_sub_station_metal,
          nicolae_sub_station_stone, nicolae_sub_station_crystal
Snake:2:  layout_layer_cave
Snake:3:  layout_onion, serial_shops, nicolae_shop_hallway_plus,
          nicolae_shop_hallway_stairs, serial_bayou_pond_b, uniq_vashnia
Snake:4:  johnstein_snake_rune_scales, layout_cave_town, uniq_aizul, uniq_mara
Slime:1:  layout_caves
Slime:2:  layout_caves, nicolae_slime_barrier
Slime:3:  cheibrodos_slime_lost_civilization_8, layout_caves,
          nicolae_slime_phagocytosis
Slime:4:  layout_caves, nicolae_slime_welcoming_committee
Slime:5:  uniq_dissolution
Orc:1:    layout_caves, serial_shops, shop, mines2_david
Orc:2:    st_orc_town, layout_caves, ebering_ghost_rock_garden
Elf:1:    minmay_elf_arrival_circle, layout_loops_corners, serial_sigils,
          serial_sigils_hangedman_writhe, serial_sigils_hangedman_clutch,
          serial_sigils_hangedman_gnaw, serial_sigils_hangedman_shear,
          serial_sigils_hangedman_shear, ebering_ghost_xom
Elf:2:    elven_hall_of_blades_hangedman_alternative
          [nooodl_blade_entry_preview], layout_geoelf_octagon,
          grunt_megastairs_5
Elf:3:    grunt_elf_hall_diamonds, layout_onion_city, enter_trove_0,
          gammafunk_ghost_fury_of_okawaru, corexii_checkpoint_a,
          uniq_saint_roka, uniq_asterion
Vaults:1: nicolae_vaults_statue_guard, ontoclasm_vaults_spin, v_misc_32,
          v_rooms_1, v_misc_11, nicolae_vaults_little_squares_1,
          nicolae_vaults_little_ls, ontoclasm_vaults_decontamination,
          vaults_room_pool, layout_vaults_omnigrid
Vaults:2: minmay_crypt_entry_necro_gods, hangedman_vaults_restitches, v_misc_33,
          nicolae_vaults_alarming, ontoclasm_vaults_gateway,
          ontoclasm_vaults_pinch, hangedman_vaults_stagger, v_rooms_2,
          dpeg_vaults_waves, v_rooms_4, nicolae_vaults_circle_grid_b,
          nicolae_vaults_diagonal_hallway_8, layout_vaults_omnicross
Vaults:3: v_misc_1, ontoclasm_vaults_loading_screen, grunt_vaults_bifocal,
          nicolae_vaults_puzzle_piece, vaults_dpeg_diagonal,
          nicolae_vaults_yaktaur_gun_rack, ontoclasm_vaults_shuriken,
          nicolae_vaults_network_star, v_misc_14, st_lattice,
          nicolae_vaults_little_squares_4, nicolae_vaults_theta,
          layout_vaults_omnibox
Vaults:4: vaults_standard_mumra_x, v_pattern_2, vaults_mumra_hex,
          grunt_vaults_focal, v_misc_24, nicolae_vaults_ring_of_whatevers,
          ontoclasm_vaults_misaligned, hangedman_vaults_restitches,
          grunt_vaults_diagonal, layout_vaults_ring
Vaults:5: serial_shops
Crypt:1:  minmay_skeleton_keep, layout_chaotic_city, grunt_crypt_arrival_split
Crypt:2:  layout_misc_corridors, nicolae_crypt_little_mausoleum, uniq_khufu
Crypt:3:  evilmike_haunted_forest
Depths:1: layout_basic, nicolae_figureground_sparkle, grunt_mini_vestibule,
          nemelex_diamond_rough_becter
Depths:2: kennysheep_ogre_elephant_herders, layout_cave_pools,
          rand_demon_pan_entry_4, serial_shops, shop, pf_hell_entry_tar_river,
          okawaru_trees_1, grunt_ministairs_2, firewood_loft,
          minmay_staircase_bubble, minmay_shop_grove, uniq_enchantress
Depths:3: gammafunk_corrupted_shrine, layout_small_grid, enter_ziggurat_a,
          grunt_hell_entry_dis_mu, rand_demon_pan_entry_3, abyss_entry,
          zin_angel, special_room [special_room_mythical_zoo],
          item_on_display_a, infiniplex_staircase_zigzag_2, serial_bayou_shore_b
Depths:4: grunt_zot_entry_pinwheel, layout_gridville, hell_entry, abyss_entry,
          hangedman_decor_cross_pass

Skill      XL: |  1  2  3  4  5  6  7  8  9 10 11 12 13 14 15 16 17 18 19 20 21 22 23 24 |
---------------+-------------------------------------------------------------------------+-----
Conjurations   | 4 5 6 7 8 9 10 12 13 15 16 17 18 19 | 19.4
Dodging        | 2 3 4 5 6 8 9 10 11 12 | 12.0
Spellcasting   | 2 3 4 5 6 7 8 9 10 11 12 14 | 14.9
Fighting       | 1 2 3 4 6 7 8 9 10 11 12 | 12.0
Armour         | 1 2 3 4 6 7 8 9 10 11 12 | 12.0
Translocations | 1 2 3 4 5 6 |  6.0
Hexes          | 1 2 4 5 7 8 9 |  9.0
Air Magic      | 1 3 5 7 8 9 10 11 12 | 12.0
Earth Magic    | 3 5 7 8 9 11 13 14 15 | 15.0
Transmutations | 2 5 6 |  6.0
Crossbows      | 3 5 6 8 |  8.8
Poison Magic   | 3 5 6 |  6.0
Fire Magic     | 1 4 5 7 11 15 16 | 16.4
Evocations     | 3 6 |  6.0
Stealth        | 3 5 9 |  9.0
Short Blades   | 1 3 |  3.0
Necromancy     | 3 6 |  6.0

Action                   |  1- 3 |  4- 6 |  7- 9 | 10-12 | 13-15 | 16-18 | 19-21 | 22-24 || total
-------------------------+-------+-------+-------+-------+-------+-------+-------+-------++-------
Melee: Unarmed           |     2 |       |       |       |       |       |       |       ||     2
       Dagger            |     6 |       |       |       |       |    45 |    21 |       ||    72
       Staff             |       |       |     4 |    11 |    13 |    12 |    11 |   129 ||   180
       Punch             |       |       |       |       |       |     1 |       |     6 ||     7
 Fire: Arbalest          |       |       |       |       |    87 |    51 |    18 |       ||   156
 Cast: Magic Dart        |   113 |   158 |   173 |    44 |    32 |    41 |    23 |    35 ||   619
       Searing Ray       |     1 |     2 |    29 |       |       |       |       |       ||    32
       Iskenderun's Myst |       |       |    37 |    93 |   197 |   241 |   122 |   153 ||   843
       Fulminant Prism   |       |       |    19 |   148 |   211 |   476 |    72 |   135 ||  1061
       Lightning Bolt    |       |       |       |       |     5 |       |       |       ||     5
       Irradiate         |       |       |       |       |     2 |     4 |       |       ||     6
       Olgreb's Toxic Ra |       |       |       |       |    67 |   118 |   104 |    31 ||   320
       Ignite Poison     |       |       |       |       |    67 |   100 |    90 |    14 ||   271
       Leda's Liquefacti |       |       |       |       |     7 |     1 |       |       ||     8
       Lehudib's Crystal |       |       |       |       |       |    17 |   250 |   290 ||   557
       Borgnjor's Vile C |       |       |       |       |       |       |   146 |   165 ||   311
       Ignition          |       |       |       |       |       |       |       |    36 ||    36
Evoke: Wand              |       |       |       |     1 |     5 |       |     2 |     2 ||    10
  Use: Scroll            |       |     8 |     5 |     7 |    10 |    12 |     6 |       ||    48
       Potion            |       |     4 |       |       |     2 |     1 |     1 |     1 ||     9
 Stab: Sleeping          |       |       |       |       |       |       |     1 |       ||     1
       Invisible         |       |       |       |       |       |       |       |     2 ||     2
Armor: Robe              |    11 |     7 |    10 |       |       |       |       |       ||    28
       Steam dragon scal |       |       |    18 |    17 |       |       |       |       ||    35
       Animal skin       |       |       |       |     6 |    69 |   110 |    66 |       ||   251
       Ring mail         |       |       |       |       |       |    53 |    92 |   280 ||   425
Dodge: Dodged            |    23 |    19 |   103 |    56 |   132 |   276 |   277 |   410 ||  1296
Block: Other             |       |       |       |    26 |    50 |    92 |    73 |   117 ||   358
       Reflection        |       |       |       |     2 |    11 |    28 |    11 |     4 ||    56
